 Dungeon Crawl Stone Soup version 0.29.0-13-gc9e81de378 (webtiles) character file.

Game seed: 2040483427129945705

72 apoch the Chopper (level 4, -3/39 HPs)
             Began as a Minotaur Fighter on Sept 11, 2022.
             Slain by a gnoll
             ... wielding a +0 spear
              (6 damage)
             ... on level 2 of the Dungeon.
             The game lasted 00:01:27 (1345 turns).

apoch the Chopper (Minotaur Fighter)                Turns: 1345, Time: 00:01:27

Health: -3/39      AC:  6    Str: 22    XL:     4   Next: 7%
Magic:  3/3        EV:  9    Int:  5    God:
Gold:   103        SH:  4    Dex: 10    Spells: 3/3 levels left

rFire   . . .      SeeInvis .   a - +0 war axe
rCold   . . .      Faith    .   c - +0 buckler
rNeg    . . .      Spirit   .   b - +0 scale mail
rPois   .          Reflect  .   (helmet restricted)
rElec   .          Harm     .   (no cloak)
rCorr   .          Rampage  .   (no gloves)
Will    .....                   (no boots)
Stlth   ..........              (no amulet)
HPRegen 0.13/turn               (no ring)
MPRegen 0.08/turn               (no ring)

@: no status effects
A: horns 2, retaliatory headbutt
a: no special abilities


You were on level 2 of the Dungeon.
You visited 1 branch of the dungeon, and saw 2 of its levels.

You collected 103 gold pieces.

Inventory:

Hand Weapons
 a - a +0 war axe (weapon)
Armour
 b - a +0 scale mail (worn)
 c - a +0 buckler (worn)
Jewellery
 e - an amulet of magic regeneration
 m - a ring of flight
Scrolls
 g - 3 scrolls of fear {unknown}
 h - 2 scrolls of poison {unknown}
 i - a scroll of teleportation {unknown}
 j - a scroll of brand weapon {unknown}
 n - a scroll of silence {unknown}
 o - a scroll of identify {unknown}
Potions
 d - a potion of might
 f - 5 potions of heal wounds {unknown}
 k - a potion of lignification {unknown}
 l - 2 potions of curing {unknown}
 p - a potion of resistance {unknown}
 q - a potion of berserk rage {unknown}


   Skills:
 - Level 3.6 Fighting
 + Level 5.3 Axes
 - Level 3.6 Armour
 - Level 3.6 Shields


You had 3 spell levels left.
You didn't know any spells.
Your spell library contained the following spells:

 Spells                   Type           Power      Damage    Failure   Level
 Sublimation of Blood     Necr           0%         N/A       95%         2
 Petrify                  Tmut/Erth      0%         N/A       100%        4
 Irradiate                Conj/Tmut      0%         3d11      100%        5


Dungeon Overview and Level Annotations

Branches:
Dungeon (2/15)

Altars:


Innate Abilities, Weirdness & Mutations

You have a pair of horns on your head.
You reflexively headbutt those who attack you in melee.


Message History

a +1 flail of draining; a gnoll corpse You barely miss the gnoll.
The gnoll is severely wounded.
The gnoll barely misses you.
You slash the gnoll!
You kill the gnoll!
The gnoll hits you but does no damage. You block the gnoll's attack.
You have reached level 4!
You feel agile.
You barely miss the gnoll. The gnoll barely misses you.
The gnoll hits you with a +0 whip.
* * * LOW HITPOINT WARNING * * *
You closely miss the gnoll. The gnoll hits you with a +0 whip.
* * * LOW HITPOINT WARNING * * *
The gnoll hits you from afar with a +0 spear.
* * * LOW HITPOINT WARNING * * *
You hit the gnoll. Your headbutt misses the gnoll.
The gnoll is moderately wounded.
The gnoll hits you with a +0 whip.
* * * LOW HITPOINT WARNING * * *
The gnoll hits you but does no damage.
You closely miss the gnoll.
The gnoll is moderately wounded.
The gnoll barely misses you.
The gnoll hits you from afar with a +0 spear.
* * * LOW HITPOINT WARNING * * *
You block the gnoll's attack. The gnoll hits you but does no damage.
You hit the gnoll but do no damage.
The gnoll is moderately wounded.
The gnoll hits you but does no damage. x2
You hit the gnoll but do no damage.
The gnoll is moderately wounded.
You block the gnoll's attack. The gnoll hits you but does no damage.
You closely miss the gnoll. You headbutt the gnoll.
The gnoll is moderately wounded.
You block the gnoll's attack. The gnoll barely misses you.
You hit the gnoll.
The gnoll is severely wounded.
The gnoll hits you from afar with a +0 spear.
You die...

#.#........ #.#
#...##.#.## #.#
#.####.#.## #.#
#....#.#.## #.#
####......#.## #.#
#..>....###### #g#
#.#..#........ #g# #
##..#.#..... #@#
....<........
#####.#######.#.#.###.
#...............#.# ##
##.##.........###.#
#.#######......#.####
#.##........#.##.##..
##.##.#.##.#.#.#......
#.....#....#.#.##.#...
#######.##.#..<...#...


You could see 2 gnolls.

Vanquished Creatures
  2 gnolls (D:2)
  2 adders (D:2)
  2 dart slugs
  3 endoplasms
  2 giant cockroaches
  4 goblins
  5 hobgoblins
  3 ball pythons
  A bat (D:1)
  3 frilled lizards
  5 kobolds
  A rat (D:1)
33 creatures vanquished.

Notes
Turn   | Place    | Note
-------+----------+-------------------------------------------
     0 | D:1      | apoch the Minotaur Fighter began the quest for the Orb.
     0 | D:1      | Reached XP level 1. HP: 19/19 MP: 0/0
   100 | D:1      | Reached skill level 3 in Axes
   177 | D:1      | Reached XP level 2. HP: 26/26 MP: 1/1
   856 | D:2      | Reached skill level 4 in Axes
   858 | D:2      | Reached XP level 3. HP: 25/31 MP: 2/2
  1335 | D:2      | Reached skill level 5 in Axes
  1338 | D:2      | Reached XP level 4. HP: 11/39 MP: 3/3
  1345 | D:2      | Slain by a gnoll

Illustrated notes

Levels and vault maps discovered:
D:1:      minmay_arrival_cross, layout_loops_ring
D:2:      layout_basic, corexii_shack

Skill      XL: |  1  2  3 |
---------------+----------+-----
Axes           | 3 4 5 |  5.3
Fighting       | |  3.6
Armour         | |  3.6
Shields        | |  3.6

Action                   |  1- 3 |  4- 6 || total
-------------------------+-------+-------++-------
Melee: War axe           |    63 |     8 ||    71
       Headbutt          |    10 |     1 ||    11
Throw: Stone             |    22 |       ||    22
Armor: Scale mail        |    19 |     5 ||    24
Dodge: Dodged            |    21 |     3 ||    24
Block: Buckler           |    15 |     3 ||    18
